 Dungeon Crawl Stone Soup version 0.22-a0-570-g58866f5 (webtiles) character file.

101 theanonym the Caller (level 4, -1/30 HPs)
             Began as a Mummy Summoner on June 30, 2018.
             Was an Initiate of Vehumet.
             Slain by a worker ant (5 damage)
             ... on level 3 of the Dungeon.
             The game lasted 00:05:18 (4137 turns).

theanonym the Caller (Mummy Summoner)               Turns: 4137, Time: 00:05:18

Health: -1/30      AC:  2    Str: 11    XL:     4   Next: 48%
Magic:  8/10       EV: 12    Int: 15    God:    Vehumet [......]
Gold:   134        SH:  0    Dex: 12    Spells: 4/11 levels left

rFire    x . .     SeeInvis .   d - +0 dagger
rCold    + . .     Gourm    .   (no shield)
rNeg     + + +     Faith    .   a - +0 robe
rPois    ∞         Spirit   .   (no helmet)
rElec    .         Reflect  .   (no cloak)
rCorr    .         Harm     .   (no gloves)
MR       .....                  (no boots)
Stlth    ++........             (no amulet)
HPRegen  0.10/turn              (no ring)
MPRegen  0.12/turn              (no ring)

@: no status effects
A: no food or potions, fire vulnerability, cold resistance 1, negative energy
resistance 3, torment resistance, unbreathing
a: Renounce Religion


Innate Abilities, Weirdness & Mutations

You do not eat or drink.
Your flesh is vulnerable to fire.
You are immune to poison.
Your flesh is cold resistant. (rC+)
You are immune to negative energy. (rN+++)
You are immune to unholy pain and torment.
You can survive without breathing.


   Skills:
 - Level 1.5 Dodging
 - Level 1.5 Stealth
 + Level 4.0 Spellcasting
 * Level 4.4 Summonings
 + Level 0.0 Ice Magic


You had 4 spell levels left.
You knew the following spells:

 Your Spells              Type           Power        Failure   Level  Hunger
a - Summon Small Mammal   Summ           ###.         3%          1    N/A
b - Call Imp              Summ           ###.....     4%          2    N/A
c - Summon Ice Beast      Ice/Summ       #.......     56%         4    N/A

Your spell library contained the following spells:

 Spells                   Type           Power        Failure   Level  Hunger
 Call Canine Familiar     Summ           ###.....     9%          3    N/A
 Summon Lightning Spire   Summ/Air       #.......     58%         4    N/A
 Summon Guardian Golem    Hex/Summ       #.......     22%         3    N/A

Skill      XL: |  1  2  3  4 |
---------------+-------------+-----
Spellcasting   | 3 4 |  4.0
Summonings     | 4 |  4.4
Dodging        | |  1.5
Stealth        | |  1.5

Action                   |  1- 3 |  4- 6 || total
-------------------------+-------+-------++-------
Melee: Unarmed           |    41 |       ||    41
       Dagger            |   127 |    80 ||   207
       Club              |     7 |       ||     7
 Cast: Summon Small Mamm |    14 |       ||    14
       Call Imp          |     5 |     7 ||    12
 Stab: Sleeping          |     5 |       ||     5
Armor: Robe              |    38 |    25 ||    63
Dodge: Dodged            |   126 |    78 ||   204

Inventory:

Hand Weapons
 c - a +0 club
   (You took it off a hobgoblin on level 1 of the Dungeon)
 d - a +0 dagger (weapon)
   (You took it off a goblin on level 1 of the Dungeon)
Armour
 a - a +0 robe (worn)
Scrolls
 b - a scroll of remove curse {unknown}
 e - a scroll of immolation {unknown}
 f - 2 scrolls of amnesia {unknown}
 g - a scroll of magic mapping {unknown}
 h - 2 scrolls of identify {unknown}
 i - a scroll of fear {unknown}


You were on level 3 of the Dungeon.
You worshipped Vehumet.
Vehumet was noncommittal.
You were not hungry.

You visited 1 branch of the dungeon, and saw 3 of its levels.

You collected 134 gold pieces.

Dungeon Overview and Level Annotations

Branches:
Dungeon (3/15)

Altars:
Ru
Vehumet
The Shining One

## ####.
##... ... #.#
#.####.#
#.#.@a5#
#.#.####
#.#.# #
#.#.##### #.#
#.#.....#...#
#.####......#
#.####.####.#
#...........#
###.....#####


You could see a worker ant and a friendly shadow imp.

Notes
Turn   | Place    | Note
-------+----------+-------------------------------------------
     0 | D:1      | theanonym the Mummy Summoner began the quest for the Orb.
     0 | D:1      | Reached XP level 1. HP: 13/13 MP: 4/4
   177 | D:1      | HP: 5/13 [hobgoblin (2)]
   182 | D:1      | Reached skill level 3 in Spellcasting
   416 | D:1      | HP: 6/13 [dart slug/slug dart (5)]
   418 | D:1      | Reached XP level 2. HP: 9/19 MP: 6/6
   647 | D:1      | HP: 6/19 [hobgoblin/club (6)]
   676 | D:1      | HP: 4/19 [kobold/stone (2)]
   689 | D:1      | HP: 4/19 [kobold/whip (1)]
   691 | D:1      | HP: 1/19 [kobold/whip (3)]
  1670 | D:1      | Reached XP level 3. HP: 24/24 MP: 7/7
  1892 | D:2      | HP: 9/24 [quokka (4)]
  2153 | D:2      | HP: 11/24 [worm (3)]
  2313 | D:2      | Learned a level 2 spell: Call Imp
  2346 | D:2      | HP: 10/24 [kobold/short sword (6)]
  2348 | D:2      | Reached skill level 4 in Summonings
  2349 | D:2      | HP: 3/24 [kobold/short sword (3)]
  2988 | D:3      | HP: 8/24 [worm (8)]
  3220 | D:3      | HP: 9/24 [orc wizard/magic dart (9)]
  3224 | D:3      | Reached XP level 4. HP: 11/30 MP: 6/9
  3532 | D:3      | HP: 9/30 [orc/hand axe (9)]
  3818 | D:3      | HP: 15/30 [jackal (2)]
  4062 | D:3      | Found a glowing golden altar of the Shining One.
  4073 | D:3      | Found a radiant altar of Vehumet.
  4085 | D:3      | Reached skill level 4 in Spellcasting
  4087 | D:3      | Found a sacrificial altar of Ru.
  4089 | D:3      | Became a worshipper of Vehumet
  4095 | D:3      | Learned a level 4 spell: Summon Ice Beast
  4134 | D:3      | HP: 11/30 [worker ant (6)]
  4136 | D:3      | HP: 3/30 [worker ant (8)]
  4137 | D:3      | Slain by a worker ant

Vanquished Creatures
  2 dart slugs
  A leopard gecko (D:3)
  An orc (D:3)
  2 ball pythons
  4 giant cockroaches
  6 goblins
  A jackal (D:3)
  2 quokkas
  8 bats
  A frilled lizard (D:2)
  4 kobolds
  5 rats
37 creatures vanquished.

Vanquished Creatures (collateral kills)
  An orc wizard (D:3)
  2 adders
  2 worms
  2 dart slugs (D:1)
  6 orcs (D:3)
  A bat (D:1)
  A goblin (D:1)
  2 hobgoblins (D:1)
  2 jackals (D:3)
  A kobold (D:1)
  2 frilled lizards
22 creatures vanquished.

Grand Total: 59 creatures vanquished

Table legend:
 A = Turns spent in this place as a percentage of turns spent in the entire game.
 B = Non-inter-level travel turns spent in this place as a percentage of non-inter-level travel turns spent in the entire game.
 C = Inter-level travel turns spent in this place as a percentage of turns spent in this place.
 D = Turns resting spent in this place as a percentage of non-inter-level travel turns spent in this place.
 E = Turns spent auto-exploring this place as a percentage of non-inter-level travel turns spent in this place.
 F = Non-inter-level travel turns spent in this place divided by the number of levels of this place that you've seen.
                   A       B       C       D       E      F
               +-------+-------+-------+-------+-------+----------------------
         Total | 100.0 | 100.0 |   1.3 |  54.6 |  30.1 | 1361.0
       Dungeon | 100.0 | 100.0 |   1.3 |  54.6 |  30.1 | 1361.0
               +-------+-------+-------+-------+-------+----------------------
